 Dungeon Crawl Stone Soup version 0.27.0-1-g7a089689b8 (webtiles) character file.

Game seed: 9282458495831333750

293 Spaninq the Ducker (level 6, -4/47 (48) HPs)
             Began as a Merfolk Fire Elementalist on Aug 12, 2021.
             Was a Follower of Ashenzari.
             Slain by a gnoll (5 damage)
             ... on level 6 of the Dungeon.
             The game lasted 00:16:16 (6758 turns).

Spaninq the Ducker (Merfolk Fire Elementalist)      Turns: 6758, Time: 00:16:17

HP:   -4/47 (48)    AC: 12    Str: 10    XL:     6   Next: 33%
MP:   10/10         EV:  1    Int: 15    God:    Ashenzari [*.....]
Gold: 208           SH:  0    Dex: 14    Spells: 9/10 levels left

rFire    . . .     SeeInvis .   r - +0 trident
rCold    . . .     Faith    .   (no shield)
rNeg     . . .     Spirit   .   a - +0 plate armour "Lashed Stickiness" {Melee, Alch} (curse)
rPois    .         Reflect  .   (no helmet)
rElec    .         Harm     .   (no cloak)
rCorr    .         Rampage  .   (no gloves)
Will     .....                  d - +0 pair of boots of the Sibylline Lethargy {Bglg, Self} (curse)
Stlth    ..........             (no amulet)
HPRegen  0.15/turn              (no ring)
MPRegen  0.12/turn              (no ring)

@: held, lightly drained
A: (nimble swimmer 2), mertail
a: Renounce Religion, Shatter the Chains


You were on level 6 of the Dungeon.
You worshipped Ashenzari.
Ashenzari was aware of your devotion.
You visited 1 branch of the dungeon, and saw 6 of its levels.

You collected 208 gold pieces.

Inventory:

Hand Weapons
 c - a +1 dagger of speed
 r - a +0 trident (weapon)
Armour
 a - the cursed +0 plate armour "Lashed Stickiness" (worn) {Melee, Alch}
   (You found it on level 1 of the Dungeon)

   It has a curse which improves the following skills: Melee Combat: Short
   Blades, Long Blades, Axes, Maces & Flails, Polearms, Staves and Unarmed
   Combat.
   Alchemy:   Poison Magic and Transmutations.
 b - a +0 ring mail
 d - the cursed +0 pair of boots of the Sibylline Lethargy (worn) {Bglg, Self}
   (You found it on level 1 of the Dungeon)

   It has a curse which improves the following skills: Beguiling: Conjurations,
   Hexes and Translocations.
   Introspection: Fighting and Spellcasting.
Jewellery
 j - an amulet of magic regeneration
Wands
 m - a wand of paralysis (10)
Scrolls
 g - a scroll of enchant weapon
 o - 3 scrolls of teleportation
 p - 3 scrolls of magic mapping
 s - a scroll of holy word
Potions
 e - 2 potions of magic
 f - a potion of resistance
 k - a potion of brilliance
 q - a potion of flight
 t - a potion of ambrosia


   Skills:
 + Level 3.2(4.1) Fighting
 * Level 3.5(4.5) Polearms
 + Level 2.1 Armour
 + Level 4.9 Dodging
 - Level 2.1 Stealth
 - Level 2.0(2.8) Spellcasting
 - Level 0.7(1.2) Conjurations
 - Level 2.1 Fire Magic


You had 9 spell levels left.
You knew the following spells:

 Your Spells              Type           Power      Damage    Failure   Level
a - Foxfire               Conj/Fire      28%        2x1d5     100%        1

Your spell library contained the following spells:

 Spells                   Type           Power      Damage    Failure   Level
 Conjure Flame            Conj/Fire      7%         6-21      100%        3
 Inner Flame              Hex/Fire       5%         N/A       100%        3
 Summon Guardian Golem    Hex/Summ       2%         N/A       100%        3
 Sticky Flame             Conj/Fire      7%         2d3       100%        4
 Fireball                 Conj/Fire      3%         3d4       100%        5
 Orb of Destruction       Conj           2%         9d1       100%        7
 Spellforged Servitor     Conj/Summ      2%         N/A       100%        7
 Borgnjor's Revivificati  Necr           1%         N/A       100%        8
 Necromutation            Tmut/Necr      1%         N/A       100%        8
 Death's Door             Necr           1%         N/A       100%        9


Dungeon Overview and Level Annotations

Branches:
Dungeon (6/15)
 Temple: D:4-7

Altars:
Ashenzari
Makhleb

Annotations:
D:2 Sigmund


Innate Abilities, Weirdness & Mutations

((You are quick and stealthy near water. (Stealth+, EV+, Speed+++)))
Your lower body shifts to a powerful aquatic tail in water.


Message History

The hound bites you but does no damage.
A wight comes into view. It is wielding a +3 mace.
The hound bites you but does no damage. The hound bites you.
* * * LOW HITPOINT WARNING * * *
The hound bites you but does no damage. The hound bites you but does no damage.
The hound bites you but does no damage. The hound bites you but does no damage.
The hound bites you.
* * * LOW HITPOINT WARNING * * *
The hound barely misses you. The hound bites you but does no damage.
A scorpion comes into view.
The hound bites you but does no damage.
Aiming: Paralyse
Press: ? - help, Shift-Dir - straight line, f - hound
Aim: a hound (chance to affect: 54%)
The hound resists with significant effort.
The hound bites you but does no damage. The hound bites you but does no damage.
Found a stone staircase leading down.
The hound bites you but does no damage.
There is a stone staircase leading down here.
You hear the slow rusting of a very distant drain.
The gnoll hits you from afar with a +0 spear.
* * * LOW HITPOINT WARNING * * *
A gnoll comes into view. It is wielding a +0 club.
The gnoll shouts!
The hound bites you but does no damage.
The gnoll throws a throwing net.
The throwing net hits you.
You become entangled in the net!
You see here a throwing net.
You struggle against the net.
The gnoll hits you but does no damage. The hound bites you but does no damage.
You tear a large gash into the net.
The wight hits you with a +3 mace!
* * * LOW HITPOINT WARNING * * *
You feel drained.
* * * LOW HITPOINT WARNING * * *
The hound bites you but does no damage.
The gnoll hits you from afar with a +0 spear.
You die...

#.##.###
#............. #.
.# #......#.#.#..
#. .?
#............# #.
#. #......#.#.#.#
#g ###............#
#. #.....#.#...####
#. #.#.#....g......
#.##......#..#####.
#.@h.#.#..#..#
###zg....##..#
#h#.....#..#
#s#h###..... #g#.#
.#.#.# #g..# .....#
#..## .#.#.. #..#
...... #..# ....


You could see a scorpion, 2 hounds, a wight and 4 gnolls.

Vanquished Creatures
  A water moccasin skeleton (D:5)
  A howler monkey (D:5)
  A hound (D:5)
  An orc priest (D:4)
  An orc wizard (D:4)
  4 adders
  2 worms
  3 dart slugs
  8 orcs
  4 ball pythons
  5 endoplasms
  2 giant cockroaches
  3 goblins
  4 hobgoblins
  9 jackals (D:4)
  8 kobolds
  2 quokkas
  A bat (D:3)
  3 frilled lizards
  5 rats
68 creatures vanquished.

Vanquished Creatures (others)
  A foxfire (D:1)
  4 plants
5 creatures vanquished.

Grand Total: 73 creatures vanquished

Notes
Turn   | Place    | Note
-------+----------+-------------------------------------------
     0 | D:1      | Spaninq the Merfolk Fire Elementalist began the quest for
                  | the Orb.
     0 | D:1      | Reached XP level 1. HP: 13/13 MP: 3/3
   319 | D:1      | Reached skill level 1 in Fighting
   319 | D:1      | Reached skill level 3 in Dodging
   319 | D:1      | Reached XP level 2. HP: 3/21 MP: 5/5
  1017 | D:1      | Found a faded altar of an unknown god.
  1412 | D:1      | Became a worshipper of Ashenzari the Shackled
  1456 | D:2      | Noticed Sigmund
  2017 | D:2      | Reached XP level 3. HP: 14/27 MP: 6/6
  2549 | D:2      | Reached skill level 1 in Armour
  3656 | D:3      | Reached XP level 4. HP: 29/34 MP: 7/7
  3890 | D:3      | Found a burning altar of Makhleb.
  4642 | D:4      | Reached skill level 4 in Dodging
  5698 | D:4      | Reached * piety under Ashenzari
  5884 | D:4      | Reached skill level 1 in Polearms
  5884 | D:4      | Reached XP level 5. HP: 35/41 MP: 9/9
  6187 | D:5      | Entered Level 5 of the Dungeon
  6240 | D:5      | Reached XP level 6. HP: 10/48 MP: 10/10
  6694 | D:5      | Noticed a black bear
  6709 | D:5      | Noticed an acid dragon
  6709 | D:5      | Noticed a necrophage
  6758 | D:6      | HP: 2/48 [wight (7)]
  6758 | D:6      | Slain by a gnoll

Illustrated notes

Levels and vault maps discovered:
D:1:      sevenhm_arrival_forest_fort_large_4, layout_loops_corners,
          dilly_ecumenical_altar_fadedgnrine
D:2:      layout_rooms, uniq_sigmund
D:3:      layout_basic, demons_altar
D:4:      cheibrodos_old_hovel, layout_basic
D:5:      lemuel_castle_with_subvaults [lemuel_castle_interior_carwin_2],
          layout_rooms, mainiacjoe_overflow_alcove_4, fedhas_altar_fruit_tree,
          chequers_hall_statues_wall_a
D:6:      layout_rooms, portal_sewer_entry_b, serial_glass, glass_columns_a,
          glass_columns_b, glass_columns_b, glass_columns_a, glass_columns_a,
          glass_columns_a, minmay_strange_pillars

Skill      XL: |  1  2  3  4  5 |
---------------+----------------+-----
Fighting       | 1 2 3 |  3.2
Dodging        | 3 4 |  4.9
Armour         | 1 2 |  2.1
Polearms       | 1 3 |  3.5
Stealth        | |  2.1
Spellcasting   | |  2.0
Conjurations   | |  0.7
Fire Magic     | |  2.1

Action                   |  1- 3 |  4- 6 || total
-------------------------+-------+-------++-------
Melee: Dagger            |   249 |   418 ||   667
       Trident           |       |    24 ||    24
 Cast: Foxfire           |     1 |       ||     1
Invok: Curse Item        |     1 |     1 ||     2
Evoke: Wand              |       |     1 ||     1
  Use: Potion            |       |     4 ||     4
       Scroll            |       |     2 ||     2
Armor: Plate armour      |   130 |   261 ||   391
Dodge: Dodged            |     9 |    20 ||    29
